cohdb
Replays
Latest Replays
All Replays
Popular Replays
Top Player Replays
Match Explorer
How It Works
Community
CoH3 Stats
Reddit
Sign in to upload your games and track your stats! →
Sign in with Steam
Match 41840403
Unlisted
Match 41840403
Overview
Messages
Build Orders
End
Selects Canadian Shock Battlegroup
Vickers Machine Gun Team
Construct Section Command Post
Infantry Section
Selects Attacking Spirit
Selects Canadian Shock Section
Canadian Shock Section
Construct Platoon Command Post
6-pounder Anti-tank Gun Team
Selects Incendiary Munitions
CMP 15cwt Truck
Canadian Shock Section
Unlock Bishop Self-propelled Artillery
Vincent瘟神
WL
Talay
carotin3
wila
LittleFatty233
幻想r
MG22
0
0
Comments
sign in to comment!
No comments posted yet!